Map: King's Cove LE

Players

souL - Winner!

  • Race: Terran Terran
  • Spawn Location: 11:00

JEROS

  • Race: Terran Terran
  • Spawn Location: 5:00

Event: 2019 WCS Spring

VOD

Have the link to the VOD?

Description

Time

  • Played on: May 17, 2019, 11:20 a.m.
  • Length: 12:36

All games in this series

Show
View Real Time Build Order
Export as new Build Order

souL Terran - Winner!

Build Orders: Gas First Reaper Expand 

Get SALT Encoding   

  12  0:00  SCV  
  13  0:13  SCV  
  14  0:18  Supply Depot  
  14  0:25  SCV  
  15  0:29  Refinery  
  15  0:39  SCV  
  16  0:45  Barracks  
  16  0:51  SCV  
  17  1:04  SCV  
  18  1:21  SCV  
  19  1:33  Reaper, Orbital Command  
  20  1:47  Command Center  
  20  1:59  Factory  
  20  2:02  SCV  
  20  2:07  Barracks Reactor  
  21  2:15  SCV  
  22  2:16  Supply Depot  
  22  2:20  Refinery  
  22  2:27  SCV  
  23  2:39  SCV  
  24  2:44  Marine x2  
  24  2:45  Starport  
  24  2:50  Factory Tech Lab  
  24  2:51  SCV  
  27  2:59  Orbital Command  
  27  3:02  Marine  
  27  3:05  Marine  
  30  3:11  Cyclone  
  30  3:12  SCV  
  33  3:17  Refinery  
  33  3:21  Starport Tech Lab  
  33  3:27  Supply Depot  
  33  3:30  SCV x2  
  33  3:31  Marine  
  36  3:36  Marine  
  37  3:42  SCV x2  
  37  3:46  Raven  
  41  3:52  Marine  
  41  3:53  Marine  
  41  3:54  SCV  
  41  3:55  SCV  
  44  3:56  Supply Depot  
  44  4:07  SCV x2, Siege Tank  
  49  4:14  Marine  
  49  4:16  Marine  
  51  4:19  SCV x2  
  53  4:31  SCV x2  
  55  4:32  Raven  
  55  4:33  Supply Depot  
  55  4:35  Marine x2  
  59  4:40  Supply Depot  
  59  4:43  SCV x2  
  61  4:54  Siege Tank  
  61  4:55  SCV x2  
  61  4:56  Supply Depot  
  61  4:59  Marine x2  
  68  5:02  Supply Depot  
  68  5:07  SCV  
  68  5:11  SCV  
  68  5:12  Command Center  
  68  5:13  Refinery  
  70  5:24  SCV  
  70  5:26  Viking x2  
  75  5:28  Supply Depot  
  75  5:34  Siege Tank  
  78  5:36  SCV  
  78  5:41  SCV  
  78  5:42  Supply Depot  
  80  5:48  SCV  
  81  5:52  Marine  
  81  5:53  Stimpack  
  82  5:57  Viking x2, Supply Depot  
  82  6:02  SCV  
  87  6:09  SCV  
  83  6:15  SCV  
  83  6:16  Siege Tank  
  75  6:22  Supply Depot  
  74  6:27  Viking, Orbital Command  
  74  6:30  Barracks  
  74  6:31  Barracks  
  76  6:32  Viking  
  76  6:33  SCV  
  76  6:36  Marine  
  76  6:37  SCV  
  81  6:45  SCV  
  82  6:48  Siege Tank  
  82  6:53  Engineering Bay x2  
  86  6:54  SCV  
  86  6:55  Orbital Command  
  86  6:58  SCV  
  86  7:06  SCV  
  84  7:10  SCV  
  84  7:12  Marine  
  86  7:16  Viking x2  
  86  7:18  SCV  
  86  7:20  Siege Tank  
  86  7:21  SCV  
  93  7:24  Barracks Reactor  
  93  7:25  Barracks Reactor  
  93  7:27  SCV  
  93  7:28  Barracks x2  
  89  7:30  SCV  
  89  7:33  SCV  
  89  7:36  Terran Infantry Weapons Level 1  
  90  7:38  Marine  
  90  7:39  SCV  
  90  7:42  SCV  
  93  7:45  SCV  
  93  7:48  Sensor Tower  
  93  7:49  Refinery  
  93  7:50  Refinery  
  94  7:51  SCV  
  94  7:53  Siege Tank  
  94  7:55  SCV  
  94  7:56  Terran Infantry Armor Level 1, Marine  
  99  8:00  Combat Shield, Marine  
  99  8:01  Marine x3  
  99  8:04  SCV  
  104  8:06  SCV  
  104  8:07  SCV  
  106  8:14  Marine  
  106  8:16  SCV  
  106  8:18  SCV, Marine x2  
  110  8:21  Medivac  
  110  8:25  Siege Tank  
  109  8:29  SCV  
  109  8:32  SCV, Marine  
  95  8:34  Marine  
  95  8:35  SCV  
  95  8:38  Marine x3  
  95  8:41  SCV  
  95  8:42  Barracks Reactor x2  
  95  8:46  Factory  
  95  8:47  Armory  
  93  8:50  Medivac, Marine  
  93  8:51  Medivac  
  93  8:52  Marine  
  99  8:55  Marine x2  
  99  8:56  Marine  
  102  9:04  Sensor Tower  
  102  9:05  Supply Depot  
  102  9:07  Marine  
  103  9:10  Marine  
  103  9:13  Siege Tank, Marine x3  
  110  9:17  Marine x2  
  110  9:20  Command Center  
  110  9:22  Medivac  
  114  9:25  Medivac, Marine  
  114  9:26  Marine  
  114  9:28  Marine x2  
  114  9:29  Supply Depot  
  120  9:31  Marine x3  
  120  9:35  Marine  
  120  9:38  Marine  
  124  9:41  Factory Tech Lab  
  124  9:43  Marine x2  
  124  9:44  Terran Infantry Weapons Level 2  
  129  9:45  Siege Tank  
  129  9:52  Medivac  
  131  9:53  Marine  
  131  9:55  Medivac, Marine  
  131  9:58  Terran Infantry Armor Level 2  
  135  10:03  Marine  
  135  10:05  Supply Depot x2  
  135  10:06  Marine, Supply Depot  
  137  10:11  Marine  
  137  10:13  Marine  
  137  10:14  Marine  
  137  10:15  Marine x4  
  137  10:21  Marine  
  134  10:22  Medivac  
  134  10:24  Marine  
  134  10:28  Terran Vehicle Weapons Level 1  
  134  10:29  Marine  
  134  10:31  Siege Tank, Marine  
  134  10:32  Marine  
  134  10:33  Marine x4  
  143  10:36  Planetary Fortress  
  143  10:39  Marine  
  143  10:40  Sensor Tower  
  143  10:42  Marine  
  145  10:47  Marine  
  145  10:49  Marine x2  
  147  10:50  Marine  
  147  10:51  Marine x3  
  147  10:52  Medivac  
  147  10:56  Marine  
  154  10:59  Marine  
  155  11:04  Marine  
  155  11:07  Marine x2  
  155  11:08  Marine x4  
  161  11:14  Marine  
  161  11:17  Marine  
  156  11:19  Siege Tank  
  156  11:22  Marine  
  156  11:24  Marine  
  156  11:25  Marine  
  163  11:26  Marine x4  
  163  11:32  Marine  
  165  11:35  Marine  
  165  11:40  Marine  
  165  11:41  Siege Tank  
  165  11:42  Viking x2, Marine  
  165  11:43  Marine  
  165  11:44  Marine x4  
  165  11:45  Starport  
  177  11:50  Marine  
  177  11:51  Siege Tank  
  177  11:53  Marine  
  179  11:57  Starport  
  179  12:01  Sensor Tower  
  179  12:02  Missile Turret  
  179  12:12  Command Center  
Show
View Real Time Build Order
Export as new Build Order

JEROS Terran 

Build Orders: Gas First Reaper Expand 

Get SALT Encoding   

  12  0:01  SCV  
  13  0:13  SCV  
  14  0:18  Supply Depot  
  14  0:25  SCV  
  15  0:29  Refinery  
  15  0:39  SCV  
  16  0:47  Barracks  
  16  0:51  SCV  
  17  1:04  SCV  
  18  1:16  SCV  
  19  1:33  Reaper  
  19  1:34  Orbital Command  
  20  1:49  Command Center  
  20  2:00  SCV  
  21  2:03  Factory  
  21  2:08  Barracks Reactor  
  21  2:12  SCV  
  22  2:17  Supply Depot  
  22  2:24  SCV  
  22  2:26  Refinery  
  23  2:38  SCV  
  24  2:48  Starport  
  24  2:51  SCV  
  24  2:53  Hellion x2  
  24  2:56  Barracks Tech Lab  
  29  3:06  Orbital Command  
  29  3:08  SCV  
  30  3:16  Hellion  
  30  3:18  Hellion  
  34  3:20  SCV  
  34  3:25  Barracks Tech Lab  
  35  3:34  SCV, Raven, Refinery  
  36  3:37  SCV  
  39  3:46  SCV  
  40  3:49  SCV  
  40  3:51  Supply Depot  
  41  3:58  SCV, Cyclone  
  41  4:01  SCV  
  46  4:09  Supply Depot  
  46  4:11  SCV, Marine x2  
  46  4:15  SCV  
  50  4:23  SCV  
  51  4:24  Raven  
  51  4:27  SCV  
  51  4:29  Marine x2  
  55  4:34  Supply Depot  
  55  4:38  Siege Tank  
  55  4:39  Supply Depot  
  55  4:40  SCV  
  55  4:41  SCV  
  58  4:48  Marine  
  58  4:49  Marine  
  58  4:52  SCV  
  61  4:53  SCV  
  61  4:57  Supply Depot  
  62  5:04  SCV  
  62  5:05  SCV  
  64  5:10  Siege Tank  
  67  5:16  SCV  
  67  5:17  Viking x2, SCV, Marine  
  74  5:21  Supply Depot  
  74  5:28  SCV  
  74  5:30  SCV  
  74  5:35  Marine  
  76  5:36  Stimpack  
  76  5:41  Command Center  
  77  5:47  Siege Tank  
  78  5:50  SCV x2, Refinery  
  78  5:53  Marine  
  78  5:56  Command Center  
  80  6:00  Viking  
  80  6:02  SCV x2  
  80  6:06  Viking  
  77  6:14  SCV x2, Marine  
  80  6:19  Siege Tank  
  83  6:26  SCV x2, Engineering Bay  
  83  6:28  Engineering Bay  
  83  6:32  Marine  
  86  6:36  Supply Depot  
  86  6:41  Barracks  
  86  6:42  Barracks  
  86  6:48  Viking  
  88  7:00  Siege Tank, Marine  
  92  7:04  Barracks  
  92  7:06  Barracks  
  92  7:08  SCV x2  
  92  7:12  Terran Infantry Armor Level 1  
  92  7:15  Terran Infantry Weapons Level 1  
  94  7:20  SCV x2  
  96  7:24  Marine  
  96  7:27  Viking  
  99  7:32  SCV  
  99  7:33  Barracks Reactor  
  99  7:34  Barracks Reactor  
  96  7:39  SCV  
  97  7:45  SCV  
  97  7:47  Siege Tank, Marine  
  104  7:51  SCV  
  104  7:52  Orbital Command  
  104  7:54  Refinery  
  104  7:56  Refinery  
  101  8:08  SCV x2  
  101  8:11  Marine, Barracks Reactor  
  101  8:12  Barracks Reactor, Marine x2  
  105  8:13  Marine  
  105  8:19  Siege Tank  
  110  8:20  SCV x2, Viking, Marine  
  110  8:22  SCV  
  112  8:29  Marine  
  112  8:33  Marine x3  
  112  8:34  Viking  
  109  8:38  Marine  
  109  8:40  Supply Depot  
  102  8:42  Supply Depot  
  102  8:47  Marine  
  102  8:48  Armory  
  103  8:49  Marine x4  
  103  8:50  Viking, Combat Shield, Marine x2  
  103  8:51  Siege Tank  
  103  8:55  Marine x2  
  116  9:05  Marine  
  116  9:07  Marine x3  
  120  9:16  Marine x5  
  125  9:20  Factory  
  125  9:21  SCV x2, Supply Depot  
  125  9:22  Supply Depot  
  125  9:23  Marine  
  128  9:25  Marine x2  
  128  9:27  Sensor Tower  
  128  9:28  Marine  
  128  9:29  Siege Tank  
  134  9:33  Marine  
  134  9:34  Marine  
  134  9:35  Terran Infantry Armor Level 2, Terran Infantry Weapons Level 2  
  134  9:37  Terran Vehicle Weapons Level 1  
  136  9:43  Marine x2  
  136  9:44  Marine x3  
  141  9:47  Viking  
  141  9:50  Viking  
  141  10:01  Missile Turret  
  141  10:03  Missile Turret, Siege Tank, Marine  
  141  10:04  Sensor Tower  
  145  10:13  Marine x2  
  145  10:16  Marine x2  
  145  10:17  Marine x3  
  145  10:26  Barracks Reactor  
  142  10:29  Medivac x2  
  146  10:36  Sensor Tower  
  146  10:42  Missile Turret x3  
  146  10:45  Sensor Tower  
  146  10:56  Marine  
  146  10:57  Marine x7  
  147  11:01  Fusion Core  
  154  11:05  Starport x2  
  145  11:14  Marine x3  
  145  11:15  Siege Tank, Marine  
  147  11:24  Marine  
  147  11:25  Siege Tank, Marine x4  
  144  11:26  Liberator  
  144  11:29  SCV x2  
  144  11:30  SCV  
  150  11:41  SCV x2  
  150  11:42  Marine x2  
  157  12:05  Orbital Command  
  157  12:19  Supply Depot  
  157  12:20  Supply Depot  
  157  12:22  Supply Depot  
  157  12:26  Supply Depot  
Tags
 
Add a new tag
Caveats
  • Supply blocks, unpowered buildings, or Contaminate may cause inaccurate times.
  • Supply counts are checked every 10 seconds.